 Dungeon Crawl Stone Soup version 0.24-a0-417-g1cce26a4d2 (webtiles) character file.

Game seed: 1899127767699395362

62 mortelune the Covered (level 3, -2/34 HPs)
             Began as a Deep Dwarf Fighter on June 10, 2019.
             Succumbed to a gnoll's poison
             ... on level 2 of the Dungeon.
             The game lasted 00:02:31 (1353 turns).

mortelune the Covered (Deep Dwarf Fighter)          Turns: 1353, Time: 00:02:32

Health: -2/34      AC:  7    Str: 22 (25) XL:     3   Next: 85%
Magic:  2/2        EV:  7    Int:  7 (8)  God:
Gold:   79         SH:  9    Dex: 11 (12) Spells: 2/2 levels left

rFire    . . .     SeeInvis .   a - +0 war axe
rCold    . . .     Gourm    .   c - +0 shield
rNeg     . . .     Faith    .   b - +0 scale mail
rPois    .         Spirit   .   (no helmet)
rElec    .         Reflect  .   (no cloak)
rCorr    .         Harm     .   (no gloves)
MR       .....                  (no boots)
Stlth    ..........             (no amulet)
HPRegen  0.00/turn              (no ring)
MPRegen  0.08/turn              (no ring)

@: mighty, lethally poisoned (-2 -> -43), very slightly contaminated,
non-regenerating, hasted, invisible, very quick
A: damage resistance, heal wounds, sense surroundings 1, no regeneration
a: Heal Wounds


You were on level 2 of the Dungeon.
You were hungry.

You visited 1 branch of the dungeon, and saw 2 of its levels.

You collected 79 gold pieces.

Inventory:

Hand Weapons
 a - a +0 war axe (weapon)
Missiles
 j - 64 stones (quivered)
Armour
 b - a +0 scale mail (worn)
 c - a +0 shield (worn)
Jewellery
 e - an uncursed amulet of magic regeneration {unknown}
Scrolls
 g - a scroll of magic mapping {unknown}
 h - a scroll of remove curse {unknown}
 i - a scroll of identify {unknown}
 l - 2 scrolls of amnesia {unknown}
Potions
 k - a potion of curing {unknown}
 m - a potion of haste
 p - a potion of ambrosia {unknown}
 r - a potion of cancellation {unknown}
 s - a potion of flight {unknown}
Comestibles
 f - 2 rations
 o - 11 chunks of flesh


   Skills:
 + Level 3.0 Fighting
 * Level 3.1 Axes
 * Level 4.1 Armour
 + Level 3.7 Shields


You had 2 spell levels left.
You didn't know any spells.
Your spell library was empty.

Dungeon Overview and Level Annotations

Branches:
Dungeon (2/15)

Altars:


Innate Abilities, Weirdness & Mutations

You are resistant to damage.
You can heal yourself by infusing magical energy.
You passively map a small area around you.
You do not regenerate.


Message History

You feel very sick. The gnoll hits you. The gnoll hits you but does no damage.
You are more poisoned.
It was a potion of invisibility.
You fade into invisibility!
* * * LOW HITPOINT WARNING * * *
You feel very sick. You block the gnoll's attack.
The gnoll hits you with a +0 whip of venom.
* * * LOW HITPOINT WARNING * * *
You are more poisoned.
You are very lightly contaminated with residual magic.
You fail to use your ability.
* * * LOW HITPOINT WARNING * * *
You feel very sick. The gnoll hits you. You block the gnoll's attack.
It was a potion of degeneration.
There was something very wrong with that liquid.
You feel weakened.
You feel dopey.
You feel clumsy.
You die...

, * , * , * *,* , ,
* ## #.* , , * ..
#.######.## , *
.##.#....gg.# * ,
#, * <..#g# , *
..#*###..#g# * * *
..#....#@# *
...#.#g####..# ###
#.#.........# * * ,
,... #.....#####.##
,
*#.###.########...#
, *
#......รท.)........
###.##########....
, ,,* #.# # * * #.#
*


You could see 3 gnolls.

Vanquished Creatures
  2 gnolls
  An adder (D:2)
  A dart slug (D:1)
  3 leopard geckos
  6 goblins
  6 hobgoblins
  3 bats
  4 kobolds (D:1)
  4 rats
30 creatures vanquished.

Notes
Turn   | Place    | Note
-------+----------+-------------------------------------------
     0 | D:1      | mortelune the Deep Dwarf Fighter began the quest for the
                  | Orb.
     0 | D:1      | Reached XP level 1. HP: 20/20 MP: 1/1
   340 | D:1      | Reached XP level 2. HP: 22/27 MP: 2/2
  1072 | D:1      | Reached XP level 3. HP: 19/33 MP: 3/3
  1222 | D:2      | Reached skill level 4 in Armour
  1352 | D:2      | HP: 1/34 [poisoned by a gnoll]
  1353 | D:2      | Succumbed to a gnoll's poison

Levels and vault maps discovered:
D:1:      dpeg_arrival_solitude, layout_basic
D:2:      layout_loops_ring, minmay_tall_x

Skill      XL: |  1  2  3 |
---------------+----------+-----
Axes           | 3 |  3.1
Armour         | 4 |  4.1
Fighting       | 3 |  3.0
Shields        | |  3.7

Action                   || total
-------------------------++-------
Melee: War axe           ||    96
 Abil: Heal Wounds       ||     4
  Use: Potion            ||     4
  Eat: Chunk             ||     1
Armor: Scale mail        ||    51
Dodge: Dodged            ||    36
Block: Shield            ||    72

Table legend:
 A = Non-vault XP
 B = Vault XP
 C = Vault XP percentage of total XP
 D = Non-vault monster count
 E = Vault monster count
 F = Vault count percentage of total count
                 A         B        C        D         E       F
            +---------+---------+-------+---------+---------+-------
      Total |      82 |       7 |   7.9 |      26 |       4 |  13.3
            +---------+---------+-------+---------+---------+-------
        D:1 |      41 |       0 |   0.0 |      16 |       0 |   0.0
        D:2 |      41 |       7 |  14.6 |      10 |       4 |  28.6
            +---------+---------+-------+---------+---------+-------
